 Dungeon Crawl Stone Soup version 0.22-a0-482-g76e0a5f (webtiles) character file.

61 vineage the Skirmisher (level 3, -4/45 HPs)
             Began as a Demonspawn Berserker on June 17, 2018.
             Was a Believer of Trog.
             Slain by a worm (10 damage)
             ... on level 2 of the Dungeon.
             The game lasted 00:02:31 (1374 turns).

vineage the Skirmisher (Demonspawn Berserker)       Turns: 1374, Time: 00:02:32

Health: -4/45      AC:  3    Str: 23    XL:     3   Next: 83%
Magic:  3/3        EV: 12    Int:  8    God:    Trog [**....]
Gold:   176        SH:  0    Dex: 12    Spells: 2/2 levels left

rFire    . . .     SeeInvis .   a - +1 falchion
rCold    . . .     Gourm    .   (no shield)
rNeg     . . .     Faith    .   b - +1 animal skin
rPois    .         Spirit   .   (helmet restricted)
rElec    .         Reflect  .   (no cloak)
rCorr    .         Harm     .   (no gloves)
MR       .....                  (no boots)
Stlth    ..........             f - amulet of rage
HPRegen  0.15/turn              (no ring)
MPRegen  0.08/turn              (no ring)

@: berserking, very quick
A: horns 1
a: Berserk, Trog's Hand, Renounce Religion, Evoke Berserk Rage


You were on level 2 of the Dungeon.
You worshipped Trog.
Trog was pleased with you.
You were not hungry.

You visited 1 branch of the dungeon, and saw 2 of its levels.

You collected 176 gold pieces.

Inventory:

Hand Weapons
 a - a +1 falchion (weapon)
Armour
 b - a +1 animal skin (worn)
Jewellery
 f - an amulet of rage (around neck)
Scrolls
 d - a scroll of identify
 g - a scroll of fear {unknown}
Potions
 e - a potion of berserk rage
 j - a potion of might
Comestibles
 c - a ration


   Skills:
 + Level 3.7 Fighting
 + Level 3.4 Long Blades
 + Level 2.0 Armour
 + Level 2.2 Dodging


You had 2 spell levels left.
You didn't know any spells.
Your spell library was empty.

Dungeon Overview and Level Annotations

Branches:
Dungeon (2/15)

Altars:

Annotations:
D:2 Sigmund


Innate Abilities, Weirdness & Mutations

You have a pair of small horns on your head.


Message History

You are too injured to fight recklessly!
You are too injured to fight recklessly!
You are too injured to fight recklessly!
You are too injured to fight recklessly!
You are too injured to fight recklessly!
You closely miss the giant cockroach. The giant cockroach bites you.
You hit the giant cockroach but do no damage.
The giant cockroach closely misses you. The worm bites you!
* * * LOW HITPOINT WARNING * * *
Okay, then.
A red film seems to cover your vision as you go berserk!
You feel yourself moving faster!
You feel mighty!
You feel a lot more hungry. The giant cockroach barely misses you.
You riposte.
You slash the giant cockroach!
You kill the giant cockroach!
Trog accepts your kill.
You slash the worm!
The worm is severely wounded.
The worm bites you!
You die...

#######..#
#######..# .## .#
###......# .. .##
##..÷÷...# ##.#
..## #........#
#.. ...##
#.).....####.#
##.#..##.
#......##.##.#
#........
#.....###....#
#.w...... .....##
#.#..###@†......
....##
#.#...##........
#####
##.#.#...#.###...
##..#.###.#..# %
##..##.# #....#
######..###.#
###...
..(..†...##.#
#.#.#
##.......##.#
.#.# #.......# ..
#


You could see a worm.

Vanquished Creatures
  Natasha (D:2)
  A dart slug (D:1)
  A leopard gecko (D:2)
  4 bats (D:1)
  2 giant cockroaches
  3 goblins (D:1)
  5 hobgoblins
  2 jackals
  A frilled lizard (D:1)
  8 kobolds
  7 rats
35 creatures vanquished.

Notes
Turn   | Place    | Note
-------+----------+-------------------------------------------
     0 | D:1      | vineage the Demonspawn Berserker began the quest for the Orb.
     0 | D:1      | Reached XP level 1. HP: 18/18 MP: 1/1
   252 | D:1      | Gained mutation: You have a pair of small horns on your head. [demonic ancestry]
   252 | D:1      | Reached XP level 2. HP: 16/24 MP: 2/2
   796 | D:2      | Noticed Sigmund
   804 | D:1      | Reached XP level 3. HP: 18/29 MP: 3/3
  1079 | D:2      | Noticed Natasha
  1086 | D:2      | Killed Natasha
  1283 | D:2      | Reached ** piety under Trog
  1374 | D:2      | Slain by a worm

Vault maps used:
D:1:      lordsloth_arrival_two_stooges, grunt_decor_fettered,
          roderic_lattice_a, minivault_23
D:2:      kennysheep_cross_room, uniq_natasha, uniq_sigmund,
          uniq_crazy_yiuf_cottage

Skill      XL: |  1  2 |
---------------+-------+-----
Dodging        | 2 |  2.2
Long Blades    | 3 |  3.4
Armour         | 2 |  2.0
Fighting       | |  3.7

Action                   || total
-------------------------++-------
Melee: Falchion          ||    69
       Headbutt          ||     7
Invok: Berserk           ||     2
  Use: Scroll            ||     5
  Eat: Ration            ||     1
Armor: Animal skin       ||    16
Dodge: Dodged            ||    52
       Rpst.: Falchion   ||    10

Table legend:
 A = Spawn XP
 B = Non-spawn XP
 C = Spawn XP percentage of total XP
 D = Spawn monster count
 E = Non-spawn monster count
 F = Spawn count percentage of total count
 G = Total turns spent on level
                    A         B        C        D         E        F      G
               +---------+---------+-------+---------+---------+-------+---------
         Total |       0 |      88 |   0.0 |       0 |      35 |   0.0 |  1374
               +---------+---------+-------+---------+---------+-------+---------
           D:1 |       0 |      41 |   0.0 |       0 |      26 |   0.0 |  1071
           D:2 |       0 |      47 |   0.0 |       0 |       9 |   0.0 |   303
               +---------+---------+-------+---------+---------+-------+---------
